 Dungeon Crawl Stone Soup version bcrawl-1.19.2-6-g6a88ae04c9 (webtiles) character file.

Game seed: 8325091536101714849

429 MisterOstroum the Sneak (level 6, -6/38 HPs)
             Began as a Vine Stalker Rogue on Dec 23, 2019.
             Killed by divine providence
             ... invoked by an orc priest
              (8 damage)
             ... on level 5 of the Dungeon.
             The game lasted 00:08:41 (4404 turns).

MisterOstroum the Sneak (Vine Stalker Rogue)        Turns: 4404, Time: 00:08:41

Health: -6/38      AC:  3    Str: 15    XL:     6   Next: 98%
Magic:  9/9        EV: 13    Int: 11    God:
Gold:   294        SH:  0    Dex: 16    Spells: 5/5 levels left

rFire    + . .     SeeInvis .   a - +2 dagger
rCold    + . .     Gourm    .   (no shield)
rNeg     . . .     Faith    .   i - +1 robe {rC+ rF+}
rPois    .         Spirit   .   (no helmet)
rElec    .         Reflect  .   z - scarf {cloud immunity}
rCorr    +         Harm     .   (no gloves)
MR       .....                  (no boots)
Stlth    +++++.....             (no amulet)
HPRegen  0.52/turn              n - ring of resist corrosion
MPRegen  0.11/turn              q - ring of stealth

@: no status effects
A: fangs 3, regeneration 1, no potion heal 3, rot immunity, strong jaws
a: no special abilities


You were on level 5 of the Dungeon.
You were not hungry.

You visited 1 branch of the dungeon, and saw 5 of its levels.

You collected 294 gold pieces.

Inventory:

Hand Weapons
 a - a +2 dagger (weapon)
 b - a +0 hunting sling
 c - a +0 blowgun
Missiles
 h - 60 poisoned needles
 l - 478 stones (quivered)
 r - 148 sling bullets
 t - 53 needles of frenzy
 C - 59 tomahawks
 G - a throwing net {!f!f}
Armour
 d - a +0 cloak
 i - a +1 robe of resistance (worn)
 j - a +0 robe
 z - a scarf of cloud immunity (worn)
Jewellery
 n - a ring of resist corrosion (left hand)
 q - a ring of stealth (right hand)
 y - an uncursed amulet of regeneration {unknown}
 B - an uncursed amulet of guardian spirit {unknown}
 E - a +1 ring of evasion {unknown}
Wands
 f - a wand of flame (15)
 g - a wand of enslavement (15)
Scrolls
 k - 2 scrolls of magic mapping {unknown}
 s - 2 scrolls of identify {unknown}
 u - 2 scrolls of remove curse {@r2}
 A - 2 scrolls of teleportation {unknown}
 D - a scroll of fear {unknown}
Potions
 m - 2 potions of haste {unknown}
 o - 2 potions of might {unknown}
 p - a potion of curing {unknown}
 v - 4 potions of agility {unknown}
 w - a potion of cancellation {unknown}
 x - a potion of resistance
 F - a potion of degeneration {unknown}
Comestibles
 e - 12 rations {!d}
 H - a chunk of flesh


   Skills:
 - Level 4.0 Fighting
 * Level 3.9 Short Blades
 - Level 1.2 Throwing
 + Level 2.3 Dodging
 - Level 5.8 Stealth
 + Level 2.9 Evocations


You had 5 spell levels left.
You didn't know any spells.
Your spell library was empty.

Dungeon Overview and Level Annotations

Branches:
Dungeon (5/12)
 Temple: D:4-7

Altars:
Ashenzari
Makhleb
Ru
Sif Muna
Vehumet

Annotations:
D:2 Terence
D:4 exclusion: door
D:5 exclusion: ice beast


Innate Abilities, Weirdness & Mutations

You have razor-sharp teeth.
Your natural rate of healing is unusually fast.
Potions cannot restore your health.
You are immune to rotting.
Your bites deal extra damage.


Message History

Aim: an orc, wielding a +2 flail of protection (heavily wounded)
You shoot a sling bullet. The sling bullet hits the orc.
The orc is almost dead.
The orc hits you with a +2 flail of protection!
a - a +2 dagger (weapon)
You are near starving!
You hit the orc.
You kill the orc!
No target in view!
Things that are here:
a +2 flail of protection; an orc corpse You butcher the orc corpse.
H - 3 chunks of flesh
Things that are here:
a +2 flail of protection; an orc skeleton Eat one of 3 chunks of flesh? (ye/n/q)
You eat one of the 3 chunks of flesh.
This raw flesh tastes terrible.
You are feeling hungry.
Eat one of 2 chunks of flesh? (ye/n/q)
You eat one of the 2 chunks of flesh.
This raw flesh tastes terrible.
You start resting.
HP restored.
As you open the door, it creaks loudly!
There is an open door here.
There is an open door here.
There is an open door here.
As you open the door, it creaks loudly!
There is an open door here.
You open the door.
There is an open door here.
An orc priest comes into view. It is wielding a +0 flail.
The orc priest moves out of view.
There is an open door here.
The orc priest is too close now for your liking.
b - a +0 hunting sling (weapon)
There is an open door here.
Wield which item (- for none, * to show all)? (? for menu, Esc to quit)
c - a +0 blowgun (weapon)
Firing (i - inventory. (/) - cycle)
h - 66 poisoned needles (quivered)
Press: ? - help, Shift-Dir - straight line, f - orc priest
Aim: an orc priest, wielding a +0 flail (hasn't noticed you)
You shoot a poisoned needle.
The poisoned needle hits the orc priest.
The orc priest is poisoned.
The orc priest shouts!
No target in view!
Firing (i - inventory. (/) - cycle)
h - 65 poisoned needles (quivered)
Press: ? - help, Shift-Dir - straight line, f/p - orc priest
Aim: an orc priest, wielding a +0 flail (lightly wounded, poisoned)
You shoot a poisoned needle.
The poisoned needle hits the orc priest.
The orc priest is lightly wounded.
The orc priest calls down the wrath of Beogh upon you.
You struggle to resist.
Firing (i - inventory. (/) - cycle)
h - 64 poisoned needles (quivered)
Press: ? - help, Shift-Dir - straight line, f/p - orc priest
Aim: an orc priest, wielding a +0 flail (moderately wounded, poisoned)
You shoot a poisoned needle.
The poisoned needle closely misses the orc priest.
The orc priest looks more healthy.
Firing (i - inventory. (/) - cycle)
h - 63 poisoned needles (quivered)
Press: ? - help, Shift-Dir - straight line, f/p - orc priest
Aim: an orc priest, wielding a +0 flail (moderately wounded)
You shoot a poisoned needle.
The poisoned needle completely misses the orc priest.
The orc priest mumbles some strange prayers to Beogh against you.
Beogh smites you!
Firing (i - inventory. (/) - cycle)
h - 62 poisoned needles (quivered)
Press: ? - help, Shift-Dir - straight line, f/p - orc priest
Aim: an orc priest, wielding a +0 flail (moderately wounded)
You shoot a poisoned needle.
The poisoned needle hits the orc priest!
The orc priest is poisoned.
The orc priest is moderately wounded.
Firing (i - inventory. (/) - cycle)
h - 61 poisoned needles (quivered)
Press: ? - help, Shift-Dir - straight line, f/p - orc priest
Aim: an orc priest, wielding a +0 flail (moderately wounded, poisoned)
You shoot a poisoned needle.
The poisoned needle hits the orc priest.
The orc priest looks more poisoned.
The orc priest is moderately wounded.
The orc priest mumbles some strange prayers to Beogh against you.
Beogh smites you!
Wield which item (- for none, * to show all)? (? for menu, Esc to quit)
a - a +2 dagger (weapon)
The orc priest hits you with a +0 flail!
You completely miss the orc priest.
The orc priest is heavily wounded.
You barely miss the orc priest.
The orc priest is heavily wounded.
The orc priest calls down the wrath of Beogh upon you.
Pain shoots through your body!
* * * LOW HITPOINT WARNING * * *
You hit the orc priest.
The orc priest is severely wounded.
You hit the orc priest.
The orc priest is severely wounded.
The orc priest invokes the aid of Beogh against you.
Beogh smites you!
You die...

#.......#..##.....
#.......'..##.....
#.......#..#######
#.......#####.....
######.......# #.....
#............# #.....
#............# ##.....
#............# #......
######.....@o.....# #......
#....######.......# #......
#....# ######'######.....
#....# #......##..##.....
#....# #.......#.....>...
#....# #.......'.........
#....# #.......#.........
#....#######.....##..##.....
#..........#.....##..##.....


You could see an orc priest.

Vanquished Creatures
  An ogre (D:4)
  A scorpion (D:4)
  A howler monkey (D:4)
  2 hounds (D:4)
  An orc wizard (D:3)
  A hound skeleton (D:4)
  3 adders (D:4)
  An ooze (D:4)
  An adder zombie (D:5)
  3 worms
  2 dart slugs
  2 leopard geckos
  23 orcs
  5 bats
  5 giant cockroaches
  7 goblins
  8 hobgoblins
  10 jackals (D:2)
  2 frilled lizards
  3 kobolds
  4 rats
86 creatures vanquished.

Notes
Turn   | Place    | Note
-------+----------+-------------------------------------------
     0 | D:1      | MisterOstroum the Vine Stalker Rogue began the quest for
                  | the Orb.
     0 | D:1      | Reached XP level 1. HP: 12/12 MP: 3/3
   247 | D:1      | Reached XP level 2. HP: 12/18 MP: 4/4
  1036 | D:2      | Reached XP level 3. HP: 23/23 MP: 5/5
  1068 | D:2      | Found a shimmering blue altar of Sif Muna.
  1421 | D:2      | Noticed Terence
  2033 | D:3      | Reached XP level 4. HP: 28/28 MP: 6/6
  2526 | D:3      | Reached skill level 1 in Throwing
  2526 | D:3      | Reached skill level 1 in Dodging
  2609 | D:3      | Found a sacrificial altar of Ru.
  2635 | D:3      | Found a shattered altar of Ashenzari.
  2663 | D:3      | Reached XP level 5. HP: 32/32 MP: 7/7
  3054 | D:4      | Noticed an ogre
  3079 | D:4      | Killed an ogre
  3090 | D:4      | Gained mutation: You have razor-sharp teeth. [Vine Stalker
                  | growth]
  3090 | D:4      | Reached XP level 6. HP: 15/37 MP: 8/8
  3553 | D:4      | Found a radiant altar of Vehumet.
  3553 | D:4      | Noticed a sky beast
  3941 | D:4      | Found a burning altar of Makhleb.
  4046 | D:5      | Entered Level 5 of the Dungeon
  4046 | D:5      | Noticed an ice beast
  4128 | D:5      | Found a radiant altar of Vehumet.
  4402 | D:5      | HP: 1/38 [orc priest/nerve-wracking pain (14)]
  4404 | D:5      | Killed from afar by an orc priest

Skill      XL: |  1  2  3  4  5  6 |
---------------+-------------------+-----
Fighting       | 2 3 4 |  4.0
Short Blades   | 2 3 |  3.9
Evocations     | 2 |  2.9
Throwing       | 1 |  1.2
Dodging        | 1 2 |  2.3
Stealth        | |  5.8

Action                   |  1- 3 |  4- 6 || total
-------------------------+-------+-------++-------
Melee: Dagger            |    71 |   132 ||   203
       Bite              |     9 |    20 ||    29
 Fire: Hunting sling     |    85 |    90 ||   175
       Blowgun           |       |    20 ||    20
Throw: Stone             |     2 |       ||     2
  Use: Scroll            |       |     1 ||     1
 Stab: Sleeping          |     8 |     5 ||    13
  Eat: Chunk             |     3 |     8 ||    11
Armor: Robe              |    39 |     9 ||    48
       Leather armour    |       |     5 ||     5
Dodge: Dodged            |    52 |    71 ||   123
